 Dungeon Crawl Stone Soup version 0.29.0-13-gc9e81de378 (webtiles) character file.

Game seed: 1958783152670606418

99 sentinel the Chopper (level 4, -1/41 HPs)
             Began as a Minotaur Fighter on Sept 8, 2022.
             Slain by Terence
             ... wielding a +2 flail of protection
              (6 damage)
             ... on level 2 of the Dungeon.
             The game lasted 00:00:49 (1829 turns).

sentinel the Chopper (Minotaur Fighter)             Turns: 1829, Time: 00:00:49

Health: -1/41      AC:  8    Str: 22    XL:     4   Next: 45%
Magic:  3/3        EV:  9    Int:  5    God:
Gold:   82         SH:  4    Dex: 10    Spells: 3/3 levels left

rFire   . . .      SeeInvis .   a - +0 war axe
rCold   . . .      Faith    .   c - +0 buckler
rNeg    . . .      Spirit   .   b - +0 scale mail
rPois   .          Reflect  .   (helmet restricted)
rElec   .          Harm     .   (no cloak)
rCorr   .          Rampage  .   (no gloves)
Will    .....                   k - +0 pair of boots
Stlth   ..........              (no amulet)
HPRegen 0.13/turn               (no ring)
MPRegen 0.08/turn               (no ring)

@: no status effects
A: horns 2, retaliatory headbutt
a: no special abilities


You were on level 2 of the Dungeon.
You visited 1 branch of the dungeon, and saw 2 of its levels.

You collected 82 gold pieces.

Inventory:

Hand Weapons
 a - a +0 war axe (weapon)
Missiles
 l - a throwing net (quivered)
Armour
 b - a +0 scale mail (worn)
 c - a +0 buckler (worn)
 k - a +0 pair of boots (worn)
Jewellery
 i - a ring of see invisible
Scrolls
 g - a scroll of enchant weapon {unknown}
 h - 3 scrolls of identify {unknown}
 j - a scroll of poison {unknown}
Potions
 d - a potion of might
 e - a potion of haste {unknown}
 f - a potion of degeneration {unknown}
 m - a potion of curing {unknown}


   Skills:
 + Level 4.7 Fighting
 * Level 4.9 Axes
 - Level 3.6 Armour
 - Level 3.6 Shields


You had 3 spell levels left.
You didn't know any spells.
Your spell library contained the following spells:

 Spells                   Type           Power      Damage    Failure   Level
 Apportation              Tloc           0%         N/A       88%         1
 Conjure Flame            Conj/Fire      0%         6-21      99%         3
 Ignite Poison            Fire/Tmut/Pois 0%         N/A       99%         3
 Sticky Flame             Conj/Fire      0%         2d3       100%        4
 Alistair's Intoxication  Tmut/Pois      0%         N/A       100%        5


Dungeon Overview and Level Annotations

Branches:
Dungeon (2/15) Zot: 10134

Altars:

Annotations:
D:2 Terence


Innate Abilities, Weirdness & Mutations

You have a pair of horns on your head.
You reflexively headbutt those who attack you in melee.


Message History

But you're not safe! But you're not safe! The adder barely misses you.
You block the adder's attack.
You miss the adder. The adder bites you.
You are poisoned.
The adder poisons you!
You slash the adder!
You kill the adder!
You feel sick. The bat barely misses you. You furiously retaliate!
You headbutt the bat.
You kill the bat!
You hit the endoplasm. You headbutt the endoplasm.
The endoplasm is severely wounded.
You feel sick. The endoplasm closely misses you.
You slash the endoplasm!
You kill the endoplasm!
You feel sick.
No target in view!
No target in view!
No target in view!
No target in view!
No target in view!
No target in view!
No target in view!
No target in view!
You feel sick.
You feel sick.
You are no longer poisoned.
You see here an adder corpse.
A ball python comes into view.
The ball python hisses angrily.
But you're not safe! But you're not safe! But you're not safe!
Found a thick glowing staff.
The ball python bites you but does no damage.
The ball python grabs you. The ball python constricts you.
You barely miss the ball python. Your headbutt misses the ball python.
The ball python bites you but does no damage.
The ball python constricts you.
You slash the ball python!
You kill the ball python!
No target in view!
No target in view!
No target in view!
No target in view!
No target in view!
No target in view!
No target in view!
You see here a ball python corpse.
You see here a staff of cold {!a}.
Found an escape hatch in the ceiling.
There is an escape hatch in the ceiling here.
A kobold comes into view. It is wielding a +0 dagger.
The kobold shouts!
You hear a shout!
But you're not safe! But you're not safe! But you're not safe!
But you're not safe! But you're not safe! But you're not safe!
But you're not safe! You block the kobold's attack.
You miss the kobold. Your headbutt misses the kobold.
The kobold hits you but does no damage.
Terence the Incautious comes into view.
He is wielding a +2 flail of protection.
The kobold barely misses you.
Terence screams, "I'm going to kill you!"
You completely miss the kobold. The kobold hits you but does no damage.
You barely miss the kobold. The kobold hits you with a +0 dagger.
You slash the kobold!
You kill the kobold!
Things that are here:
a +0 dagger; 5 stones; a kobold corpse You hit Terence.
Terence is lightly wounded.
Terence hits you with a +2 flail of protection.
You hit Terence but do no damage.
Terence is lightly wounded.
Terence hits you with a +2 flail of protection. x2
You hit Terence but do no damage.
Terence is lightly wounded.
Terence says, "Did you write a will?
You should..."
Terence misses you.
You hit Terence but do no damage.
Terence is lightly wounded.
Terence hits you with a +2 flail of protection.
You closely miss Terence.
Terence is lightly wounded.
Terence barely misses you. You furiously retaliate!
You headbutt Terence, but do no damage. You block Terence's attack.
You slash Terence!
Terence is heavily wounded.
Terence hits you with a +2 flail of protection!
* * * LOW HITPOINT WARNING * * *
You are too injured to fight recklessly!
You are too injured to fight recklessly!
You are too injured to fight recklessly!
You are too injured to fight recklessly!
You are too injured to fight recklessly!
You are too injured to fight recklessly!
You are too injured to fight recklessly!
You are too injured to fight recklessly!
You are too injured to fight recklessly!
You are too injured to fight recklessly!
You are too injured to fight recklessly!
You are too injured to fight recklessly!
You are too injured to fight recklessly!
You are too injured to fight recklessly!
You are too injured to fight recklessly!
You are too injured to fight recklessly!
You closely miss Terence.
Terence is heavily wounded.
Terence barely misses you.
You barely miss Terence.
Terence is heavily wounded.
Terence barely misses you. You furiously retaliate!
You headbutt Terence, but do no damage.
Terence hits you with a +2 flail of protection.
* * * LOW HITPOINT WARNING * * *
You hit Terence.
Terence is severely wounded.
Terence hits you but does no damage.
You hit Terence but do no damage.
Terence is severely wounded.
You block Terence's attack.
You hit Terence but do no damage. Your headbutt misses Terence.
Terence is severely wounded.
Terence hits you with a +2 flail of protection.
* * * LOW HITPOINT WARNING * * *
Terence barely misses you.
You hit Terence.
Terence is severely wounded.
Terence hits you with a +2 flail of protection.
* * * LOW HITPOINT WARNING * * *
HP warning!
You hit Terence.
Terence is severely wounded.
Terence hits you but does no damage.
HP warning!
You hit Terence.
Terence is almost dead.
Terence completely misses you. You furiously retaliate!
You headbutt Terence, but do no damage.
HP warning!
You hit Terence but do no damage.
Terence is almost dead.
You block Terence's attack.
Terence hits you with a +2 flail of protection.
You die...

#.#.))......
###
#.))#######.
..# ##.## #.
#.# #.# #>
#.# #.# #.
#.# #.# ##
#.# #.# #.
#@# #.# #.
#@# #.# #.
#.# #.# #.
#.# #.######
#. #.#
#......# #.
#.#
#######.###.
#.#
#...........
#.#
#.#######.#.
#.#####.#
#.#.
#.......#
#.#.


You could see Terence.

Vanquished Creatures
  4 gnolls (D:2)
  An adder (D:2)
  2 worms (D:2)
  2 dart slugs
  3 ball pythons
  4 bats
  3 endoplasms
  3 giant cockroaches
  2 goblins
  3 hobgoblins (D:1)
  4 jackals (D:1)
  A quokka (D:1)
  A frilled lizard (D:1)
  6 kobolds
  3 rats (D:1)
42 creatures vanquished.

Notes
Turn   | Place    | Note
-------+----------+-------------------------------------------
     0 | D:1      | sentinel the Minotaur Fighter began the quest for the Orb.
     0 | D:1      | Reached XP level 1. HP: 19/19 MP: 0/0
   216 | D:1      | Reached XP level 2. HP: 23/27 MP: 1/1
   513 | D:1      | Found a faded altar of an unknown god.
   557 | D:1      | Reached XP level 3. HP: 33/33 MP: 2/2
  1177 | D:2      | Reached XP level 4. HP: 5/41 MP: 3/3
  1810 | D:2      | Noticed Terence
  1829 | D:2      | Slain by Terence

Illustrated notes

Levels and vault maps discovered:
D:1:      dpeg_arrival_prison, layout_loops_cross,
          shapermc_ecumenical_altar_mp_urbaneastern, wad_floor_pattern_untrapped
D:2:      layout_loops_ring, uniq_terence

Skill      XL: |  1  2  3 |
---------------+----------+-----
Axes           | 3 4 |  4.9
Fighting       | 4 |  4.7
Armour         | |  3.6
Shields        | |  3.6

Action                   |  1- 3 |  4- 6 || total
-------------------------+-------+-------++-------
Melee: War axe           |    71 |    29 ||   100
       Headbutt          |    10 |     2 ||    12
Armor: Scale mail        |    29 |     6 ||    35
Dodge: Dodged            |    32 |    11 ||    43
Block: Buckler           |    20 |     6 ||    26
